 Dungeon Sprint DCSS version 0.18-b1-16-g289874d (webtiles) character file.

3486 otab the Protected (level 9, -7/76 HPs)
             Began as a Demonspawn Fighter on May 1, 2016.
             Was an Initiate of Nemelex Xobeh.
             Mangled by a spiny frog (8 damage)
             ... in the Dungeon (Sprint IX: "|||||||||||||||||||||||||||||").
             The game lasted 00:02:11 (1259 turns).

otab the Protected (Demonspawn Fighter)             Turns: 1259, Time: 00:02:11

Health: -7/76      AC: 17    Str: 30    XL:     9   Next: 79%
Magic:  6/6        EV: 10    Int: 11    God:    Nemelex Xobeh [......]
Gold:   15         SH: 13    Dex: 17    Spells: 0 memorised, 8 levels left

rFire  + . .     SeeInvis .     p - +2 morningstar of Tafies Coemu {freeze, rF+ MP-9 Str+3}
rCold  + . .     Gourm    .     s - +0 plate armour
rNeg   . . .     Faith    .     c - +0 shield
rPois  .         Spirit   .     o - +0 helmet
rElec  .         Dismiss  .     (no cloak)
rCorr  .         Reflect  .     n - +0 pair of gloves
SustAt .         Harm     .     (no boots)
MR     .....     NoTele   +     (no amulet)
Stlth  +.........               r - +3 ring of strength
                                q - +3 ring of dexterity

@: mighty, not resistant to hostile enchantments, very unstealthy
A: hooves 2, clever 1, cold resistance 1, deterioration 1, nightstalker 3
a: Renounce Religion


You were in the Dungeon.
You worshipped Nemelex Xobeh.
Nemelex Xobeh was noncommittal.
You were hungry.

You visited 1 branch You collected 15 gold pieces.

Inventory:

Hand Weapons
 a - a +0 long sword
 p - the +2 morningstar of Tafies Coemu (weapon) {freeze, rF+ MP-9 Str+3}
   (You found it in the Dungeon)

   It has been specially enchanted to freeze those struck by it, causing extra
   injury to most foes and up to half again as much damage against particularly
   susceptible opponents.
   It can also slow down cold-blooded creatures.
   It affects your strength (+3).
   It protects you from fire.
   It affects your magic capacity (-9).
Armour
 b - a +0 scale mail
 c - a +0 shield (worn)
 n - a +0 pair of gloves (worn)
 o - a +0 helmet (worn)
 s - a +0 plate armour (worn)
Jewellery
 q - a +3 ring of dexterity (left hand)
 r - a +3 ring of strength (right hand)
Wands
 m - a wand of iceblast (7/15)
Scrolls
 j - 4 scrolls of remove curse
 k - 2 scrolls of blinking
 l - 2 scrolls of amnesia
 v - a scroll of fear
 w - a scroll of fog
 x - 2 scrolls of recharging
Potions
 d - a potion of might
 e - 5 potions of curing
 h - a potion of heal wounds
 i - 4 potions of magic
 t - 3 potions of berserk rage
 u - a potion of brilliance
Miscellaneous
 g - a plain deck of escape
Comestibles
 f - 2 bread rations


   Skills:
 + Level 9.2 Fighting
 - Level 4.5 Long Blades
 * Level 8.8 Maces & Flails
 + Level 10.2 Armour
 + Level 4.9 Dodging
 + Level 4.2 Stealth
 + Level 9.9 Shields
 * Level 8.6 Evocations


You had 8 spell levels left.
You didn't know any spells.

Dungeon Overview and Level Annotations

Branches:
Dungeon (1/1)

Altars:
Cheibriados
Dithmenos
Elyvilon
Fedhas
Gozag
Kikubaaqudgha
Makhleb
Nemelex Xobeh
Okawaru
Pakellas
Qazlal
Ru
Sif Muna
Trog
Vehumet
Xom
Yredelemnul
Zin
The Shining One
Beogh
Jiyva
Lugonu


Innate Abilities, Weirdness & Mutations

You have hoof-like feet.
Your flesh is cold resistant.
You are completely attuned to the shadows.
Your mind is acute. (Int +2)
Your body sometimes deteriorates upon taking damage.


Message History

The spiny frog gives a loud, deep croak!
Being near the torpor snail leaves you feeling lethargic.
There are monsters nearby!
The torpor snail barely misses you.
You bludgeon the torpor snail!! You freeze the torpor snail.
The torpor snail is heavily wounded.
The torpor snail barely misses you.
There are monsters nearby!
You hit the torpor snail. You freeze the torpor snail.
You kick the torpor snail.
The torpor snail is severely wounded.
You block the torpor snail's attack. The torpor snail bites you!
* * * LOW HITPOINT WARNING * * *
You hit the torpor snail. You freeze the torpor snail.
You kick the torpor snail!
You kill the torpor snail!
You feel yourself speed up. The spiny frog stings you!
You die...
Your body disappears without a glow.

▓▓▓▓▓▓▓▓▓▓▓▓▓▓▓▓▓▓▓▓▓▓▓▓▓▓▓▓▓▓▓▓▓
__________________'..|).....)..÷.
▓▓▓▓▓▓▓▓▓▓▓▓▓▓▓▓▓▓▓▓▓▓▓▓▓▓▓▓▓▓▓▓▓
.................................
▓▓▓▓▓▓▓▓▓▓▓▓▓▓▓▓▓▓▓▓▓▓▓▓▓▓▓▓▓▓▓▓▓
'†.....††.†.....@F..+
▓▓▓▓▓▓▓▓▓▓▓▓▓▓▓▓▓▓▓▓▓


You could see a spiny frog.

Vanquished Creatures
  A hill giant (D)
  A black mamba (D)
  A torpor snail (D)
  A spiny frog (D)
  An efreet (D)
  A komodo dragon (D)
  A blink frog (D)
  A yak (D)
  2 hippogriffs (D)
  A soldier ant (D)
  2 water moccasins (D)
  3 porcupines (D)
  A sky beast (D)
  A centaur (D)
  4 giant frogs (D)
  A sheep (D)
  3 river rats (D)
  2 shadow imps (D)
  An adder skeleton (D)
  An adder zombie (D)
  2 orcs (D)
  A bat zombie (D)
  A goblin (D)
  A hobgoblin (D)
  2 bats (D)
  A giant cockroach zombie (D)
  A giant newt (D)
39 creatures vanquished.

Notes
Turn   | Place    | Note
--------------------------------------------------------------
     0 | D        | otab the Demonspawn Fighter began the quest for the Orb.
     0 | D        | Reached XP level 1. HP: 18/18 MP: 1/1
    12 | D        | Reached skill level 3 in Armour
   142 | D        | Noticed a sky beast
   142 | D        | Noticed a centaur
   156 | D        | Killed a sky beast
   156 | D        | Reached skill level 5 in Armour
   156 | D        | Reached skill level 1 in Dodging
   156 | D        | Reached skill level 5 in Shields
   156 | D        | Gained mutation: You have large cloven feet. [demonic ancestry]
   156 | D        | Reached XP level 2. HP: 20/26 MP: 2/2
   156 | D        | Reached XP level 3. HP: 25/32 MP: 3/3
   156 | D        | Gained mutation: Your flesh is cold resistant. [demonic ancestry]
   156 | D        | Reached XP level 4. HP: 30/38 MP: 4/4
   168 | D        | Killed a centaur
   168 | D        | Reached skill level 5 in Fighting
   168 | D        | Gained mutation: You are slightly more attuned to the shadows. [demonic ancestry]
   168 | D        | Reached XP level 5. HP: 19/44 MP: 5/5
   184 | D        | Gained mutation: Your mind is acute. (Int +2) [mutagenic meat]
   185 | D        | Gained mutation: Your body sometimes deteriorates upon taking damage. [mutagenic meat]
   239 | D        | Found a glowing silver altar of Zin.
   239 | D        | Found a glowing golden altar of the Shining One.
   239 | D        | Found an ancient bone altar of Kikubaaqudgha.
   239 | D        | Found a basalt altar of Yredelemnul.
   239 | D        | Found a shimmering altar of Xom.
   257 | D        | Found a radiant altar of Vehumet.
   279 | D        | Found an iron altar of Okawaru.
   293 | D        | Found a burning altar of Makhleb.
   294 | D        | Found a deep blue altar of Sif Muna.
   336 | D        | Found a bloodstained altar of Trog.
   366 | D        | Found a sparkling altar of Nemelex Xobeh.
   367 | D        | Found a white marble altar of Elyvilon.
   368 | D        | Found a roughly hewn altar of Beogh.
   369 | D        | Found a viscous altar of Jiyva.
   370 | D        | Found a corrupted altar of Lugonu.
   371 | D        | Found a blossoming altar of Fedhas.
   372 | D        | Found a snail-covered altar of Cheibriados.
   373 | D        | Became a worshipper of Nemelex Xobeh the Trickster
   374 | D        | Found a shadowy altar of Dithmenos.
   375 | D        | Found a stormy altar of Qazlal.
   376 | D        | Found an opulent altar of Gozag.
   377 | D        | Found a sacrificial altar of Ru.
   378 | D        | Found an oddly glowing altar of Pakellas.
   400 | D        | Got the +2 morningstar of Tafies Coemu {freeze, rF+ MP-9 Str+3}
   436 | D        | Noticed a water moccasin
   436 | D        | Noticed a hill giant
   446 | D        | Killed a hill giant
   446 | D        | Reached skill level 7 in Armour
   446 | D        | Reached skill level 1 in Stealth
   446 | D        | Gained mutation: You are significantly more attuned to the shadows. [demonic ancestry]
   446 | D        | Reached XP level 6. HP: 18/53 MP: 0/9
   446 | D        | Gained mutation: You are completely attuned to the shadows. [demonic ancestry]
   446 | D        | Reached XP level 7. HP: 20/59 MP: 1/10
   449 | D        | Reached skill level 8 in Armour
   449 | D        | Reached skill level 5 in Evocations
   700 | D        | Noticed a hippogriff
   700 | D        | Noticed an efreet
   703 | D        | Killed a hippogriff
   707 | D        | Killed an efreet
   707 | D        | Reached skill level 5 in Maces & Flails
   707 | D        | Reached XP level 8. HP: 60/67 MP: 1/12
   717 | D        | Reached skill level 9 in Armour
   818 | D        | Received a gift from Nemelex Xobeh
  1207 | D        | Gained mutation: You have hoof-like feet. [demonic ancestry]
  1207 | D        | Reached XP level 9. HP: 65/74 MP: 5/14
  1211 | D        | Noticed a black mamba
  1212 | D        | Noticed a komodo dragon
  1224 | D        | Noticed a spiny frog
  1227 | D        | Killed a black mamba
  1234 | D        | Killed a komodo dragon
  1238 | D        | Reached skill level 10 in Armour
  1242 | D        | Killed a spiny frog
  1254 | D        | Noticed a torpor snail
  1255 | D        | Noticed a spiny frog
  1258 | D        | HP: 1/76 [torpor snail (15)]
  1259 | D        | Killed a torpor snail
  1259 | D        | Mangled by a spiny frog

Skill      XL: |  1  2  3  4  5  6  7  8  9 |
---------------+----------------------------+-----
Armour         | 5 7 8 9 10 | 10.2
Long Blades    | 3 4 |  4.5
Shields        | 5 7 8 9 |  9.9
Fighting       | 4 5 6 7 8 9 |  9.2
Dodging        | 1 2 3 4 |  4.9
Maces & Flails | 3 5 6 8 |  8.8
Stealth        | 1 2 3 4 |  4.2
Evocations     | 4 6 7 8 |  8.6

Action                   |  1- 3 |  4- 6 |  7- 9 || total
-------------------------+-------+-------+-------++-------
Melee: Long sword        |    41 |    15 |       ||    56
       Kick              |       |     8 |    41 ||    49
       Morningstar       |       |     9 |   102 ||   111
  Use: Potion            |     1 |     3 |     2 ||     6
 Stab: Invisible         |       |     1 |     3 ||     4
  Eat: Chunk             |       |     2 |     2 ||     4
Armor: Scale mail        |    19 |     9 |       ||    28
       Plate armour      |       |     2 |    32 ||    34
Dodge: Dodged            |    12 |     6 |    38 ||    56
Block: Shield            |    25 |     8 |    76 ||   109
